% Time on Ice - NORTH DAKOTA HAWKS
Lines # - Real PCT - Wanted PCT - Time Play
Normal Forward
1 - 16% - 30% - 8:03
2 - 32% - 27% - 16:26
3 - 25% - 22% - 12:51
4 - 28% - 21% - 14:32
Normal Defense
1 - 34% - 36% - 17:50
2 - 32% - 33% - 16:35
3 - 33% - 20% - 16:55
4 - 1% - 11% - 0:32
PP Forward
1 - 65% - 65% - 2:34
2 - 35% - 35% - 1:24
PP Defense
1 - 65% - 65% - 2:34
2 - 35% - 35% - 1:24
PK Forward
1 - 75% - 55% - 3:08
2 - 25% - 45% - 1:02
PK Defense
1 - 28% - 55% - 1:09
2 - 72% - 45% - 3:01
PK3 Forward
1 - 0% - 55%
2 - 0% - 45%
PK3 Defense
1 - 0% - 55%
2 - 0% - 45%
44 Forward
1 - 0% - 55%
2 - 0% - 45%
44 Defense
1 - 0% - 55%
2 - 0% - 45%
Last Minute Offensive  - 0:00
Last Minute Defensive  - 0:00
Total
Forward - 60:00
Defense - 60:00
% Time on Ice - KANSAS CITY KILLERBEES
Lines # - Real PCT - Wanted PCT - Time Play
Normal Forward
1 - 33% - 33% - 16:53
2 - 32% - 32% - 16:29
3 - 26% - 27% - 13:25
4 - 10% - 8% - 5:05
Normal Defense
1 - 35% - 37% - 18:19
2 - 35% - 37% - 18:07
3 - 30% - 25% - 15:26
4 - 0% - 1% - 0:00
PP Forward
1 - 47% - 55% - 1:57
2 - 53% - 45% - 2:13
PP Defense
1 - 53% - 50% - 2:13
2 - 47% - 50% - 1:57
PK Forward
1 - 58% - 55% - 2:18
2 - 42% - 45% - 1:40
PK Defense
1 - 46% - 50% - 1:50
2 - 54% - 50% - 2:08
PK3 Forward
1 - 0% - 55%
2 - 0% - 45%
PK3 Defense
1 - 0% - 50%
2 - 0% - 50%
44 Forward
1 - 0% - 55%
2 - 0% - 45%
44 Defense
1 - 0% - 50%
2 - 0% - 50%
Last Minute Offensive  - 0:00
Last Minute Defensive  - 0:00
Total
Forward - 60:00
Defense - 60:00
Play-by-Play 1st period 0:01 of 1st period - Sean Couturier wins face-off versus Matthew Nieto in neutral zone. 0:03 of 1st period - Mark Stone is hit by Nic Dowd. 0:14 of 1st period - Minor Penalty to Nic Dowd for Hooking. 0:15 of 1st period - Charlie Coyle wins face-off versus Corey Perry in NORTH DAKOTA HAWKS zone. 0:17 of 1st period - Ryan Kesler is hit by Brenden Dillon. 0:35 of 1st period - Artturi Lehkonen is hit by Brenden Dillon. 0:55 of 1st period - Artturi Lehkonen is hit by Johnny Boychuk and loses puck. 1:28 of 1st period - Shot by Sean Couturier. 1:28 of 1st period - Shot Misses the Net. 2:29 of 1st period - Shot by Jacob de la Rose. 2:29 of 1st period - Stopped by Eric Comrie with a rebound. 3:00 of 1st period - Charlie Coyle is hit by Nic Dowd and loses puck. 3:57 of 1st period - Off-side. 3:58 of 1st period - Sean Couturier wins face-off versus Brendan Gallagher in neutral zone. 6:48 of 1st period - Shot by Sean Couturier. 6:48 of 1st period - Goal by Sean Couturier - NORTH DAKOTA HAWKS : 0 - KANSAS CITY KILLERBEES : 1. 6:49 of 1st period - Charlie Coyle wins face-off versus Derek Grant in neutral zone. 8:00 of 1st period - Shot by Alexander DeBrincat. 8:00 of 1st period - Shot Blocked by Marc Staal. 8:02 of 1st period - Shot by Sean Couturier. 8:02 of 1st period - Shot Misses the Net. 8:04 of 1st period - Shot by Colin Miller. 8:04 of 1st period - Stopped by Eric Comrie without a rebound. 8:05 of 1st period - Ryan Kesler wins face-off versus Matthew Nieto in NORTH DAKOTA HAWKS zone. 8:06 of 1st period - Shot by Greg McKegg. 8:06 of 1st period - Shot Blocked by Martin Marincin. 8:09 of 1st period - Icing by Martin Marincin. 8:10 of 1st period - Nic Dowd wins face-off versus Peter Cehlarik in NORTH DAKOTA HAWKS zone. 8:25 of 1st period - Shot by Nic Dowd. 8:25 of 1st period - Shot Blocked by Peter Cehlarik. 8:27 of 1st period - Shot by Ryan Carpenter. 8:27 of 1st period - Shot Misses the Net. 8:51 of 1st period - Shot by Corey Perry. 8:51 of 1st period - Stopped by John Gibson with a rebound. 9:08 of 1st period - Corey Perry is hit by Rasmus Andersson and loses puck. 9:31 of 1st period - Shot by Sean Couturier. 9:31 of 1st period - Goal by Sean Couturier - NORTH DAKOTA HAWKS : 0 - KANSAS CITY KILLERBEES : 2. 9:32 of 1st period - Sean Couturier wins face-off versus Derek Grant in neutral zone. 9:45 of 1st period - Shot by Sean Couturier. 9:45 of 1st period - Shot Misses the Net. 10:42 of 1st period - Shot by Lukas Radil. 10:42 of 1st period - Stopped by John Gibson without a rebound. 10:43 of 1st period - Jacob de la Rose wins face-off versus Matthew Nieto in KANSAS CITY KILLERBEES zone. 11:02 of 1st period - Shot by Mattias Janmark. 11:02 of 1st period - Shot Misses the Net. 11:13 of 1st period - Icing by Mattias Janmark. 11:14 of 1st period - Logan Brown wins face-off versus Charlie Coyle in KANSAS CITY KILLERBEES zone. 11:47 of 1st period - Shot by Artturi Lehkonen. 11:47 of 1st period - Shot Misses the Net. 12:02 of 1st period - Minor Penalty to Peter Cehlarik for Hooking. 12:03 of 1st period - Ryan Kesler wins face-off versus Nic Dowd in KANSAS CITY KILLERBEES zone. 13:50 of 1st period - Shot by Ryan Kesler. 13:50 of 1st period - Shot Misses the Net. 14:23 of 1st period - Sean Couturier is hit by Martin Marincin and loses puck. 14:31 of 1st period - Mark Stone is hit by Martin Marincin and loses puck. 14:36 of 1st period - Shot by Mark Stone. 14:36 of 1st period - Stopped by Eric Comrie with a rebound. 15:14 of 1st period - Jacob de la Rose is hit by Martin Marincin and loses puck. 15:30 of 1st period - Off-side. 15:31 of 1st period - Logan Brown wins face